AoeStats
← RICARDONE ES SABALERO

Arena

504121262Analyzed
1v1 RM · 27d ago on Sep 4, 2026· 45m 48s· 2 players
Game mode
Random Map
Map size
Tiny (2 player)
Population
200
Speed
Normal
Resources
Standard
Victory
Conquest
Starting age
Dark Age
Ending age
Imperial Age
RankedLock teamsTeams togetherTeam positionsShared explorationLock speedFull tech treeHidden civsTurbo modeCheats
Victory
Defeat
🇺🇸 Malay · United States
1191
+17
🇦🇷 Bulgarians · Argentina
1212
-17
Soup Crackkers
1:56 Loom
6:27 Loom
10:55 Feudal Age
12:38 Loom
12:59 Loom
16:15 Castle Age
14:24 Double-Bit Axe
16:24 Horse Collar
17:22 Bow Saw
19:26 Gold Mining
21:42 Arson
22:09 Forging
25:40 Scale Barding Armor
26:36 Wheelbarrow
28:37 Hand Cart
32:43 Imperial Age
31:32 Husbandry
32:41 Heavy Plow
33:44 Iron Casting
34:30 Chemistry
36:00 Blast Furnace
36:20 Conscription
36:49 Gold Shaft Mining
37:04 Elite Battle Elephant
38:37 Fletching
38:36 Pikeman
39:19 Padded Archer Armor
39:15 Bodkin Arrow
42:41 Town Watch
44:24 Bracer
45:02 Man-at-Arms
46:22 Forced Levy
RICARDONE ES SABALERO
8:31 Loom
10:27 Feudal Age
11:58 Double-Bit Axe
15:03 Castle Age
13:15 Horse Collar
16:41 Loom
19:46 Heavy Plow
20:41 Bow Saw
22:00 Stone Mining
28:26 Wheelbarrow
28:21 Scale Mail Armor
28:19 Town Watch
29:43 Scale Barding Armor
29:49 Forging
29:30 Fletching
32:03 Chain Barding Armor
35:58 Imperial Age
33:44 Hand Cart
34:10 Iron Casting
33:52 Gold Mining
34:24 Stirrups
34:49 Chain Mail Armor
35:58 Stone Shaft Mining
36:25 Town Patrol
35:58 Elite Konnik
37:00 Conscription
37:17 Plate Barding Armor
37:42 Blast Furnace
37:29 Bagains
39:46 Plate Mail Armor
39:50 Bloodlines
39:40 Husbandry
39:20 Light Cavalry
39:55 Hussar
42:04 Masonry
42:00 Siege Engineers
43:02 Crop Rotation
43:43 Ballistics
43:29 Pikeman
44:10 Squires
43:55 Gambesons
Connection lost

Rejoining the realm…

Still unreachable

The connection could not be restored.

Session expired

The server has moved on; the page needs a fresh start.